 Dungeon Crawl Stone Soup version 0.30-a0-222-ge547ba4400 (webtiles) character file.

Game seed: 5585360090198239006

994 Sobieck the Slicer (level 8, -5/48 HPs)
             Began as a Kobold Gladiator on Oct 8, 2022.
             Slain by an ice beast (10 damage)
             ... on level 6 of the Dungeon.
             The game lasted 00:12:44 (6733 turns).

Sobieck the Slicer (Kobold Gladiator)               Turns: 6733, Time: 00:12:44

Health: -5/48      AC: 10    Str: 17    XL:     8   Next: 42%
Magic:  8/8        EV: 17    Int:  9    God:
Gold:   333        SH:  6    Dex: 19    Spells: 7/7 levels left

rFire   . . .      SeeInvis .    a - +0 rapier {short}
rCold   . . .      Faith    .    y - +1 buckler
rNeg    . . .      Spirit   .    h - +0 leather armour
rPois   .          Reflect  .    m - +2 helmet
rElec   .          Harm     .    (no cloak)
rCorr   .          Rampage  .    (no gloves)
Will    .....                    (no boots)
Stlth   ++++......               (no amulet)
HPRegen 0.28/turn                H - +6 ring of strength
MPRegen 0.11/turn                E - +4 ring of protection

@: no status effects
A: small, no large weapons, nightstalker 3
a: no special abilities


You were on level 6 of the Dungeon.
You visited 1 branch of the dungeon, and saw 6 of its levels.
You also visited: Sewer.

You collected 333 gold pieces.


Innate Abilities, Weirdness & Mutations

You are small and have problems with some larger weapons.
You are completely attuned to the shadows.


   Skills:
 - Level 4.0 Fighting
 + Level 9.0 Short Blades
 - Level 2.1 Throwing
 + Level 6.3 Dodging
 - Level 6.0 Stealth


You had 7 spell levels left.
You didn't know any spells.
Your spell library contained the following spells:

 Spells                   Type           Power      Damage    Failure   Level
 Slow                     Hex            0%         N/A       61%         1
 Blink                    Tloc           0%         N/A       75%         2
 Cigotuvi's Dreadful Rot  Necr/Pois/Air  0%         N/A       75%         2
 Poisonous Vapours        Pois/Air       0%         N/A       75%         2
 Confusing Touch          Hex            0%         N/A       93%         3
 Dazzling Flash           Conj/Hex       0%         N/A       93%         3
 Mephitic Cloud           Conj/Pois/Air  0%         N/A       93%         3
 Vampiric Draining        Necr           0%         2d6       93%         3
 Manifold Assault         Tloc           0%         N/A       100%        4
 Agony                    Necr           0%         N/A       100%        5
 Silence                  Hex/Air        0%         N/A       100%        5
 Storm Form               Tmut/Air       0%         N/A       100%        7

Inventory:

Hand Weapons
 a - a +0 rapier (weapon) {short}
 b - a +0 dagger of speed {short}
   (You took it off a goblin on level 1 of the Dungeon)
 s - a +0 whip of flaming {mace}
   (You took it off an orc on level 5 of the Dungeon)
 C - a +1 dagger of draining {short}
   (You took it off a goblin on level 3 of the Dungeon)
 Q - a +1 whip of draining {mace}
   (You took it off a gnoll bouda on level 6 of the Dungeon)
Missiles
 d - 8 throwing nets {=f!fthrowing}
 e - 5 boomerangs (quivered) {throwing}
 k - 46 stones {throwing}
 x - 3 poisoned darts {throwing}
 T - a curare-tipped dart {=fthrowing}
Armour
 c - a +0 helmet
 f - a +0 ring mail
   (You found it on level 1 of the Dungeon)
 h - a +0 leather armour (worn)
 i - a +0 chain mail
   (You found it on level 4 of the Dungeon)
 m - a +2 helmet (worn)
   (You found it on level 1 of the Dungeon)
 n - a +0 robe
   (You found it on level 4 of the Dungeon)
 q - a +0 leather armour
   (You found it on level 1 of the Dungeon)
 t - a +0 robe
   (You took it off an orc wizard on level 4 of the Dungeon)
 u - a +0 robe
   (You found it on level 2 of the Dungeon)
 w - a +0 chain mail
   (You took it off an orc on level 5 of the Dungeon)
 y - a +1 buckler (worn)
   (You found it on level 3 of the Dungeon)
 z - a +0 scale mail
   (You took it off an orc on level 3 of the Dungeon)
 A - a +0 ring mail
   (You took it off an orc on level 3 of the Dungeon)
 B - a +0 ring mail
   (You took it off a goblin on level 4 of the Dungeon)
 D - a +0 chain mail
   (You took it off an orc on level 2 of the Dungeon)
 I - a +0 robe
   (You took it off an orc wizard on level 5 of the Dungeon)
 J - a +0 chain mail
   (You took it off an orc on level 5 of the Dungeon)
 K - a +0 leather armour
   (You took it off Ijyb on level 5 of the Dungeon)
 M - a +0 robe
   (You found it on level 5 of the Dungeon)
 P - a +0 leather armour
   (You took it off a gnoll bouda on level 5 of the Dungeon)
 R - a +0 leather armour
   (You took it off a gnoll bouda on level 6 of the Dungeon)
Magical Staves
 o - a staff of conjuration {!a@e2staff}
   (You found it on level 1 of the Dungeon)
 v - a staff of conjuration {!a@e2staff}
   (You found it on level 2 of the Dungeon)
Jewellery
 g - a ring of protection from cold
   (You found it on level 1 of the Dungeon)
 E - a +4 ring of protection (right hand)
   (You found it on level 3 of the Dungeon)
 H - a +6 ring of strength (left hand)
   (You found it on level 4 of the Dungeon)
Wands
 L - a wand of paralysis (6)
   (You took it off Ijyb on level 5 of the Dungeon)
 O - a wand of roots (8)
   (You found it on level 5 of the Dungeon)
Scrolls
 j - a scroll of teleportation {@r4}
 F - a scroll of identify {@r1}
 G - 2 scrolls of butterflies
 N - a scroll of fear
Potions
 l - 3 potions of brilliance
 p - 4 potions of curing {@q1}
 r - 2 potions of invisibility
 S - a potion of ambrosia
 U - 2 potions of flight
 V - a potion of heal wounds {@q2}

Dungeon Overview and Level Annotations

Branches:
Dungeon (6/15) Zot: 26761   Sewer (visited)
 Temple: D:4-7

Altars:
Qazlal
Yredelemnul
Zin

##### #...### #.#...
########...####
..............#
######.#...##.#######
###.##.###........
##@.....###.#######
#Y.###..>##.# # #.#.#
#......# #####
##..###...##.###....
........###........
.###:.##.##.#.##.###
......###.#.###
.##..## ##...><
.#...## ##...รท


You could see an ice beast.


Message History

You enter the shallow water.
Moving in this stuff is going to be slow.
Partly explored, can't reach some places.
Unknown command.
Partly explored, can't reach some places.
Unknown command.
Why would you want to do that? Why would you want to do that?
Why would you want to do that?
You feel very buoyant.
You fly up into the air.
Unknown command.
You are starting to lose your buoyancy.
There is a gate leading back out of this place here.
Unknown command.
Welcome back to the Dungeon!
There is a collapsed entrance here.
Danger!
Unknown command.
The helpless giant cockroach fails to defend itself.
You perforate the giant cockroach like a sieve!!!
You kill the giant cockroach!
No target in view!
As you read the scroll of identify {@r1}, it crumbles to dust.
S - a potion of ambrosia Unknown command.
Unknown command.
You float gracefully downwards.
Found a stone staircase leading down.
Unknown command.
Found a stone staircase leading down.
Unknown command. 2 ufetubi come into view.
Danger!
You see here a scroll of identify {@r1}.
The helpless ufetubus fails to defend itself.
You skewer the ufetubus like a kebab!!!
You kill the ufetubus!
No target in view!
F - a scroll of identify {@r1} Unknown command.
Danger!
An ice beast comes into view.
The helpless ufetubus fails to defend itself.
You skewer the ufetubus like a kebab!!!
You kill the ufetubus!
You hit the ice beast but do no damage. You block the ice beast's attack.
You closely miss the ice beast. You hit the ice beast but do no damage.
The ice beast misses you.
You hit the ice beast. You block the ice beast's attack.
You hit the ice beast. The ice beast hits you. The ice beast freezes you!
You are too injured to fight recklessly!
You are too injured to fight recklessly!
You are too injured to fight recklessly!
Unknown command.
The ice beast misses you.
Unknown command.
You hit the ice beast but do no damage. The ice beast completely misses you.
Unknown command.
You hit the ice beast. You hit the ice beast but do no damage.
The ice beast hits you. The ice beast freezes you.
Unknown command.
You hit the ice beast. The ice beast completely misses you.
You puncture the ice beast! The ice beast hits you. The ice beast freezes you.
* * * LOW HITPOINT WARNING * * *
Unknown command.
You hit the ice beast but do no damage.
Unknown command.
You hit the ice beast. You block the ice beast's attack.
Unknown command.
You hit the ice beast but do no damage. The ice beast misses you.
Unknown command.
You hit the ice beast.
The ice beast hits you but does no damage.
Unknown command.
You barely miss the ice beast. You block the ice beast's attack.
Unknown command.
You closely miss the ice beast. The ice beast closely misses you.
You hit the ice beast but do no damage.
Unknown command.
You completely miss the ice beast. The ice beast hits you.
* * * LOW HITPOINT WARNING * * *
The ice beast freezes you.
* * * LOW HITPOINT WARNING * * *
You closely miss the ice beast.
The ice beast hits you but does no damage.
Unknown command.
You hit the ice beast.
The ice beast hits you but does no damage.
You hit the ice beast. The ice beast barely misses you.
You barely miss the ice beast. The ice beast hits you.
* * * LOW HITPOINT WARNING * * *
The ice beast freezes you!
* * * LOW HITPOINT WARNING * * *
Unknown command.
You hit the ice beast but do no damage. The ice beast hits you.
* * * LOW HITPOINT WARNING * * *
The ice beast freezes you!
You die...

Skill      XL: |  1  2  3  4  5  6  7  8 |
---------------+-------------------------+-----
Short Blades   | 5 6 7 8 9 |  9.0
Stealth        | 2 4 6 |  6.0
Fighting       | 3 4 |  4.0
Dodging        | 5 6 |  6.3
Throwing       | |  2.1

Action                   |  1- 3 |  4- 6 |  7- 9 || total
-------------------------+-------+-------+-------++-------
Melee: Rapier            |    38 |       |   151 ||   189
       Dagger            |    80 |   426 |   236 ||   742
       Punch             |     3 |       |       ||     3
Throw: Dart              |       |     3 |     3 ||     6
       Boomerang         |       |       |     3 ||     3
  Use: Scroll            |       |    10 |     5 ||    15
       Potion            |       |     2 |     6 ||     8
 Stab: Sleeping          |     3 |    13 |    12 ||    28
       Distracted        |       |     1 |     1 ||     2
       Invisible         |       |     1 |       ||     1
Armor: Leather armour    |    20 |    61 |    57 ||   138
Dodge: Dodged            |    87 |   195 |   186 ||   468
Block: Buckler           |       |    55 |    78 ||   133

Levels and vault maps discovered:
D:1:      saegor_arrival_miasma, layout_basic,
          dilly_ecumenical_altar_fadedgnrine
D:2:      layout_basic
D:3:      layout_basic, mainiacjoe_overflow_tiny_flanked
D:4:      layout_gridville, yredelemnul_forgotten_temple_becter,
          nicolae_grassy_gnolls
D:5:      layout_loops_ring, zin_statuary, uniq_ijyb
D:6:      layout_loops_ring, lemuel_tele_altar,
          lemuel_zombie_altar_kikubaaqudgha, serial_shops, kennysheep_mini_moat,
          portal_sewer_entry_b

Notes
Turn   | Place    | Note
-------+----------+-------------------------------------------
     0 | D:1      | Sobieck the Kobold Gladiator began the quest for the Orb.
     0 | D:1      | Reached XP level 1. HP: 12/12 MP: 1/1
    60 | D:1      | Reached XP level 2. HP: 17/17 MP: 2/2
   129 | D:1      | Reached skill level 5 in Short Blades
   316 | D:1      | Reached XP level 3. HP: 21/21 MP: 3/3
   574 | D:1      | Found a faded altar of an unknown god.
  1184 | D:2      | Reached skill level 6 in Short Blades
  1196 | D:2      | Reached XP level 4. HP: 26/26 MP: 4/4
  1784 | D:3      | You add the spells Blink, Manifold Assault and Storm Form
                  | to your library.
  1933 | D:3      | Reached skill level 7 in Short Blades
  2033 | D:3      | Reached skill level 2 in Stealth
  2033 | D:3      | Reached XP level 5. HP: 30/30 MP: 5/5
  2202 | D:3      | Reached skill level 3 in Stealth
  2266 | D:3      | You pick up a book of the Senses and begin reading...
  2266 | D:3      | You add the spells Dazzling Flash, Agony and Silence to
                  | your library.
  2277 | D:3      | Found a stormy altar of Qazlal.
  2749 | D:2      | Reached skill level 4 in Stealth
  2873 | D:3      | Reached XP level 6. HP: 19/35 MP: 6/6
  3377 | D:4      | Reached skill level 5 in Stealth
  3391 | D:4      | Noticed an ogre
  3657 | D:4      | HP: 3/35 [ogre/+0 giant club (19)]
  3661 | D:4      | Killed an ogre
  3662 | D:4      | Reached skill level 6 in Stealth
  3662 | D:4      | Reached skill level 3 in Fighting
  4003 | D:4      | Reached XP level 7. HP: 41/41 MP: 7/7
  4334 | D:4      | HP: 8/41 [acid (6)]
  4336 | D:4      | HP: 2/41 [acid (3)]
  4373 | D:4      | Reached skill level 4 in Fighting
  4896 | D:4      | Found a basalt altar of Yredelemnul.
  4929 | D:5      | Entered Level 5 of the Dungeon
  4941 | D:4      | Reached skill level 4 in Dodging
  5192 | D:5      | Noticed Ijyb
  5196 | D:5      | Killed Ijyb
  5281 | D:5      | You pick up a book of Vapours and begin reading...
  5281 | D:5      | You add the spells Poisonous Vapours, Cigotuvi's Dreadful
                  | Rot and Mephitic Cloud to your library.
  5356 | D:5      | Reached skill level 8 in Short Blades
  5356 | D:5      | Reached skill level 5 in Dodging
  5586 | D:5      | Reached XP level 8. HP: 26/48 MP: 8/8
  5947 | D:5      | You pick up a book of Debilitation and begin reading...
  5947 | D:5      | You add the spells Slow, Vampiric Draining and Confusing
                  | Touch to your library.
  6216 | D:5      | Found a glowing silver altar of Zin.
  6337 | D:6      | Reached skill level 6 in Dodging
  6375 | D:6      | Found a glowing drain.
  6381 | Sewer    | Entered a sewer
  6479 | Sewer    | Reached skill level 9 in Short Blades
  6536 | Sewer    | Found a white marble altar of Elyvilon.
  6732 | D:6      | HP: 8/48 [ice beast (8)]
  6733 | D:6      | Slain by an ice beast

Vanquished Creatures
  An ogre (D:4)
  A kobold brigand (Sewer)
  A gnoll sergeant (D:4)
  A jelly (D:4)
  3 hounds
  Ijyb (D:5)
  2 gnoll boudas
  3 iguanas
  2 orc wizards
  7 adders
  21 gnolls
  A river rat (Sewer)
  A white imp (D:5)
  2 ufetubi (D:6)
  4 worms
  2 dart slugs
  13 orcs
  8 ball pythons
  8 bats
  6 endoplasms
  5 giant cockroaches
  7 goblins
  5 hobgoblins
  9 jackals
  6 kobolds
  2 quokkas
  4 frilled lizards
  10 rats
  A spectral orc (D:4)
137 creatures vanquished.

Vanquished Creatures (others)
  3 plants (D:4)
3 creatures vanquished.

Grand Total: 140 creatures vanquished

Table legend:
 A = Non-vault XP
 B = Vault XP
 C = Vault XP percentage of total XP
 D = Non-vault monster count
 E = Vault monster count
 F = Vault count percentage of total count
                 A         B        C        D         E       F
            +---------+---------+-------+---------+---------+-------
      Total |    1199 |     221 |  15.6 |     121 |      16 |  11.7
            +---------+---------+-------+---------+---------+-------
        D:1 |      40 |       0 |   0.0 |      21 |       0 |   0.0
        D:2 |     111 |       0 |   0.0 |      27 |       0 |   0.0
        D:3 |     143 |      14 |   8.9 |      25 |       1 |   3.8
        D:4 |     453 |      44 |   8.9 |      25 |       4 |  13.8
        D:5 |     312 |      40 |  11.4 |      16 |       1 |   5.9
        D:6 |     140 |       6 |   4.1 |       7 |       4 |  36.4
      Sewer |       0 |     117 | 100.0 |       0 |       6 | 100.0
            +---------+---------+-------+---------+---------+-------

Illustrated notes

Table legend:
 A = Kills in this place as a percentage of kills in entire the game.
 B = Kills by you in this place as a percentage of kills by you in the entire game.
 C = Kills by friends in this place as a percentage of kills by friends in the entire game.
 D = Other kills in this place as a percentage of other kills in the entire game.
 E = Experience gained in this place as a percentage of experience gained in the entire game.
 F = Experience gained in this place divided by the number of levels of this place that you have seen.
                   A       B       C       D       E      F
               +-------+-------+-------+-------+-------+----------------------
         Total | 100.0 | 100.0 |   N/A |   N/A | 100.0 | 202.9
       Dungeon |  95.6 |  95.6 |   N/A |   N/A |  91.8 | 217.2
         Sewer |   4.4 |   4.4 |   N/A |   N/A |   8.2 | 117.0
               +-------+-------+-------+-------+-------+----------------------

Table legend: (Time is in decaauts)
 A = Elapsed time spent in this place.
 B = Non-inter-level travel time spent in this place.
 C = Inter-level travel time spent in this place.
 D = Time resting spent in this place.
 E = Time spent auto-exploring this place.
 F = Levels seen in this place.
 G = Mean time per level.
                   A        B        C        D        E       F      G
               +--------+--------+--------+--------+--------+-----+--------+
         Total |   6322 |   6018 |    304 |    669 |   4044 |   7 |  903.1 |
       Dungeon |   6049 |   5745 |    304 |    631 |   3906 |   6 | 1008.2 |
         Sewer |    272 |    272 |      0 |     38 |    138 |   1 |  272.0 |
               +--------+--------+--------+--------+--------+-----+--------+

Top non-repeatable levels by time:
     D:4: 1656 daAuts
     D:3: 1219 daAuts
     D:5: 1037 daAuts
     D:1: 961 daAuts
     D:2: 937 daAuts
   Sewer: 272 daAuts
     D:6: 237 daAuts
